 Dungeon Crawl Stone Soup version 0.31-a0-1-g4198be8af4 (webtiles) character file.

Game seed: 4869860856611312375

20 bande the Conjurer (level 2, -1/17 HPs)
             Began as a Gargoyle Reaver on May 3, 2023.
             Slain by a hobgoblin
             ... wielding a +0 rapier
              (6 damage)
             ... on level 1 of the Dungeon.
             The game lasted 00:01:50 (582 turns).

bande the Conjurer (Gargoyle Reaver)                 Turns: 582, Time: 00:01:51

Health: -1/17      AC:  5    Str: 15    XL:     2   Next: 79%
Magic:  5/5        EV: 11    Int: 13    God:
Gold:   31         SH:  0    Dex:  8    Spells: 4/5 levels left

rFire   . . .        a - +0 hand axe
rCold   . . .        (no shield)
rNeg    + . .        b - +0 leather armour
rPois   ∞            (no helmet)
rElec   +            (no cloak)
rCorr   .            (no gloves)
SInv    .            (no boots)
Will    .....        (no amulet)
Stlth   +            (no ring)
HPRegen 0.22/turn    (no ring)
MPRegen 0.09/turn

%: no passive effects
@: no status effects
A: sickness immunity, AC +2, negative energy resistance 1, electricity
resistance, torment resistance 1, petrification resistance
a: no special abilities


You were on level 1 of the Dungeon.
You visited 1 branch of the dungeon, and saw 1 of its levels.

You collected 31 gold pieces.

Inventory:

Hand Weapons
 a - a +0 hand axe (weapon)
Armour
 b - a +0 leather armour (worn)
Scrolls
 c - a scroll of identify {unknown}
 d - a scroll of poison {unknown}
 e - a scroll of noise {unknown}
Potions
 f - a potion of lignification {unknown}


   Skills:
 + Level 2.2 Fighting
 + Level 3.0 Axes
 * Level 1.2 Armour
 - Level 1.5 Dodging
 + Level 2.1 Spellcasting
 + Level 3.6 Conjurations


You had 4 spell levels left.
You knew the following spells:

 Your Spells              Type           Power      Damage    Failure   Level
a - Kiss of Death         Conj/Necr      24%        2d7       16%         1

Your spell library contained the following spells:

 Spells                   Type           Power      Damage    Failure   Level
 Magic Dart               Conj           40%        1d5       7%          1
 Searing Ray              Conj           20%        2d5       11%         2
 Momentum Strike          Conj/Tloc      12%        3d8       22%         2
 Summon Small Mammal      Summ           4%         N/A       30%         1
 Hailstorm                Conj/Ice       6%         3d4       41%         3
 Call Canine Familiar     Summ           1%         N/A       67%         3
 Summon Guardian Golem    Hex/Summ       1%         N/A       67%         3
 Fulminant Prism          Conj/Hex       3%         3d5       83%         4


Dungeon Overview and Level Annotations

Branches:
Dungeon (1/15)

Altars:

Shops:
D:1 [[[([


Innate Abilities, Weirdness & Mutations

You are immune to sickness and miasma.
Your stone body is resilient. (AC +2)
You are immune to poison.
You resist negative energy. (rN+)
You are resistant to electric shocks. (rElec)
You are resistant to unholy torment.
You are immune to petrification.


Message History

No target in view!
A bat comes into view.
A bat is nearby!
The bat hits you but does no damage.
You hit the bat.
You kill the bat!
No target in view!
No target in view!
No target in view!
No target in view!
No target in view!
No target in view!
A hobgoblin comes into view. It is wielding a +0 rapier.
A hobgoblin is nearby!
You hit the hobgoblin but do no damage. The hobgoblin closely misses you.
You barely miss the hobgoblin.
The hobgoblin hits you but does no damage.
You hit the hobgoblin.
The hobgoblin is severely wounded.
The hobgoblin barely misses you.
The hobgoblin hits you with a +0 rapier.
You barely miss the hobgoblin.
The hobgoblin is severely wounded.
The hobgoblin barely misses you.
You hit the hobgoblin but do no damage.
The hobgoblin is severely wounded.
The hobgoblin hits you with a +0 rapier.
You hit the hobgoblin.
The hobgoblin is almost dead.
The hobgoblin hits you with a +0 rapier.
* * * LOW HITPOINT WARNING * * *
You are too injured to fight recklessly!
You are too injured to fight recklessly!
You closely miss the hobgoblin.
The hobgoblin is almost dead.
The hobgoblin hits you but does no damage.
You barely miss the hobgoblin.
The hobgoblin is almost dead.
The hobgoblin hits you with a +0 rapier.
You die...

##### ##.
##############...
.................
########.......
#.....# #.....#
#######.....###
#.............######
##.#....##......@g..#
.. #.#..###.###.###.#
.. #.#..###.#....! ..
#......).##.#.## #
#########†#.. ..
##....####.#######
#.................
##..........#.#..##
#...............##


You could see a hobgoblin.

Vanquished Creatures
  2 ball pythons (D:1)
  2 endoplasms (D:1)
  A giant cockroach (D:1)
  3 goblins (D:1)
  2 hobgoblins (D:1)
  2 quokkas (D:1)
  2 bats (D:1)
  A frilled lizard (D:1)
  A kobold (D:1)
  2 rats (D:1)
18 creatures vanquished.

Notes
Turn   | Place    | Note
-------+----------+-------------------------------------------
     0 | D:1      | bande the Gargoyle Reaver began the quest for the Orb.
     0 | D:1      | Reached XP level 1. HP: 12/12 MP: 3/3
    13 | D:1      | Found Ipoesy's Armour Shop.
    54 | D:1      | Found Lixuon's Antique Armour Shoppe.
   175 | D:1      | Found Quzxenn's Antique Weapon Emporium.
   183 | D:1      | Found Veet's Antique Armour Boutique.
   186 | D:1      | Reached XP level 2. HP: 17/17 MP: 5/5
   208 | D:1      | Reached skill level 1 in Armour
   232 | D:1      | Found Paupeupp's Armour Shoppe.
   285 | D:1      | Found a faded altar of an unknown god.
   582 | D:1      | Slain by a hobgoblin

Illustrated notes

Levels and vault maps discovered:
D:1:      lemuel_arrival_behind_the_door_large, layout_basic,
          shapermc_ecumenical_altar_venn, serial_aquarium,
          aquarium_bridge_island_large [aquarium_subvault_large_open,
          aquarium_subvault_bridge, aquarium_subvault_wall,
          aquarium_subvault_wall, aquarium_subvault_bridge], aquarium_window_1,
          aquarium_window_2, aquarium_window_1, aquarium_view_2d,
          aquarium_pool_corner, serial_shops, shop, shop, shop_statue,
          nicolae_shop_overgrown_old_shop, nicolae_shop_just_a_little_nook,
          minmay_split_cup_large

Skill      XL: |  1  2 |
---------------+-------+-----
Armour         | 1 |  1.2
Axes           | 3 |  3.0
Fighting       | |  2.2
Dodging        | |  1.5
Spellcasting   | |  2.1
Conjurations   | |  3.6

Action                     || total
---------------------------++-------
  Melee: Hand axe          ||    67
         Punch             ||     1
 Armour: Leather armour    ||    28
  Dodge: Dodged            ||    38

Table legend: (Time is in decaauts)
 A = Elapsed time spent in this place.
 B = Non-inter-level travel time spent in this place.
 C = Inter-level travel time spent in this place.
 D = Time resting spent in this place.
 E = Time spent auto-exploring this place.
 F = Levels seen in this place.
 G = Mean time per level.
                   A        B        C        D        E       F      G
               +--------+--------+--------+--------+--------+-----+--------+
         Total |    592 |    592 |      0 |    141 |    314 |   1 |  592.0 |
       Dungeon |    592 |    592 |      0 |    141 |    314 |   1 |  592.0 |
               +--------+--------+--------+--------+--------+-----+--------+

Top non-repeatable levels by time:
     D:1: 592 daAuts
